 Dungeon Crawl Stone Soup version 0.25.0-1-g7eea58d2a3 (webtiles) character file.

Game seed: 9751491286523211175

132 Deathmic the Conjurer (level 4, -4/24 HPs)
             Began as a Deep Elf Conjurer on June 14, 2020.
             Splashed by Ijyb's acid (7 damage)
             ... on level 3 of the Dungeon.
             The game lasted 00:10:28 (1999 turns).

Deathmic the Conjurer (Deep Elf Conjurer)           Turns: 1999, Time: 00:10:49

Health: -4/24      AC: -1    Str:  5    XL:     4   Next: 92%
Magic:  8/13       EV: 17    Int: 21    God:
Gold:   138        SH:  0    Dex: 15    Spells: 10/13 levels left

rFire    . . .     SeeInvis .   k - +2 dagger (venom)
rCold    . . .     Gourm    .   (no shield)
rNeg     . . .     Faith    .   a - +0 robe
rPois    .         Spirit   .   (no helmet)
rElec    .         Reflect  .   l - +0 cloak
rCorr    .         Harm     .   (no gloves)
MR       .....                  (no boots)
Stlth    ++........             f - amulet of magic regeneration
HPRegen  0.08/turn              g - +4 ring of evasion
MPRegen  0.38/turn              (no ring)

@: corroded
A: no striking features
a: no special abilities


You were on level 3 of the Dungeon.
You were not hungry.

You visited 1 branch of the dungeon, and saw 3 of its levels.

You collected 138 gold pieces.

Inventory:

Hand Weapons
 k - a +2 dagger of venom (weapon)
Armour
 a - a +0 robe (worn)
 l - a +0 cloak (worn)
Jewellery
 f - an amulet of magic regeneration (around neck)
 g - a +4 ring of evasion (left hand)
Scrolls
 j - 4 scrolls of remove curse
Potions
 b - a potion of magic
 d - a potion of lignification
 e - 2 potions of might
 i - a potion of invisibility
 p - a potion of heal wounds {unknown}
Comestibles
 c - 3 rations
 o - a chunk of flesh


   Skills:
 - Level 2.4 Dodging
 - Level 2.4 Stealth
 + Level 5.3 Spellcasting
 + Level 5.8 Conjurations


You had 10 spell levels left.
You knew the following spells:

 Your Spells              Type           Power        Failure   Level  Hunger
a - Magic Dart            Conj           ####         1%          1    None
b - Searing Ray           Conj           ####..       1%          2    None

Your spell library contained the following spells:

 Spells                   Type           Power        Failure   Level  Hunger
 Dazzling Flash           Conj/Hex       ###...       10%         3    ##.....
 Fulminant Prism          Conj/Hex       ###.......   32%         4    ####...
 Iskenderun's Mystic Bla  Conj/Tloc      ###.....     32%         4    ####...


Dungeon Overview and Level Annotations

Branches:
Dungeon (3/15)

Altars:

Annotations:
D:3 Ijyb


Message History

Okay, then.
Unknown command.
Unknown command.
Casting: Magic Dart (safe; 1% risk of failure)
Confirm with . or Enter, or press ? or * to list all spells.
Aiming: Searing Ray (safe; 1% risk of failure)
Press: ? - help, Shift-Dir - straight line, f - Ijyb
Aim: Ijyb, wearing a +0 leather armour and carrying a wand of acid (12) (wandering, hasn't noticed you)
The searing ray hits Ijyb.
Ijyb is lightly wounded.
Ijyb shouts! (Press . to maintain the ray.)
You hear a shout!
The searing ray hits Ijyb.
Ijyb is moderately wounded.
Ijyb zaps a wand.
The bolt of acid hits you!!
Ouch! That really hurt!
* * * LOW HITPOINT WARNING * * *
The acid corrodes you!
You are splashed with acid!
You die...

.$ #. #.#.#.
#.#.#.# ####.#.#..
#......##.##
#.?....##..#
#......# #@#
#......###)#.#.#
###......).(†g...#
.........####..###
....####.# ..!.#
.. #.# ..#.# #.#
.>.... #.# ###.##.
#.# .#


You could see Ijyb.

Vanquished Creatures
  3 adders
  4 gnolls (D:2)
  3 worms (D:2)
  An adder skeleton (D:3)
  A dart slug (D:2)
  A leopard gecko (D:2)
  2 orcs (D:3)
  2 bats
  4 giant cockroaches
  6 goblins
  7 hobgoblins
  10 kobolds
  A ball python (D:1)
  5 frilled lizards
  4 rats
54 creatures vanquished.

Notes
Turn   | Place    | Note
-------+----------+-------------------------------------------
     0 | D:1      | Deathmic the Deep Elf Conjurer began the quest for the Orb.
     0 | D:1      | Reached XP level 1. HP: 10/10 MP: 6/6
   294 | D:1      | Reached XP level 2. HP: 15/15 MP: 2/8
  1026 | D:2      | Reached skill level 5 in Conjurations
  1047 | D:2      | Reached XP level 3. HP: 19/19 MP: 8/10
  1247 | D:2      | Learned a level 2 spell: Searing Ray
  1282 | D:2      | Reached XP level 4. HP: 15/24 MP: 5/12
  1287 | D:2      | Reached skill level 5 in Spellcasting
  1997 | D:3      | Noticed Ijyb
  1999 | D:3      | Splashed by Ijyb's acid

Illustrated notes

Levels and vault maps discovered:
D:1:      matt_arrival_los_fun, layout_basic, minmay_misc_feat_four_crosses,
          st_stairs_12, minmay_misc_feat_diagonals
D:2:      layout_basic
D:3:      layout_basic, overflow_temple_1_default, uniq_ijyb

Skill      XL: |  1  2  3  4 |
---------------+-------------+-----
Spellcasting   | 4 5 |  5.3
Conjurations   | 5 |  5.8
Dodging        | |  2.4
Stealth        | |  2.4

Action                   |  1- 3 |  4- 6 || total
-------------------------+-------+-------++-------
Melee: Short sword       |     3 |       ||     3
       Dagger            |     3 |       ||     3
 Cast: Magic Dart        |    69 |    26 ||    95
       Searing Ray       |     3 |     4 ||     7
  Use: Scroll            |     3 |     6 ||     9
 Stab: Sleeping          |     3 |       ||     3
  Eat: Chunk             |     1 |     2 ||     3
Armor: Robe              |     3 |       ||     3
Dodge: Dodged            |     9 |     3 ||    12
